 Dungeon Crawl Stone Soup version 0.31-a0-1626-g5cb510d322 (webtiles) character file.

Game seed: 16087368912526808643

26 CraigForest the Ruffian (level 3, 0/17 HPs)
             Began as a Vine Stalker Shapeshifter on Jan 13, 2024.
             Was a Follower of Lugonu.
             Slain by a cerulean imp
             ... wielding a +1 spear
             ... summoned by Natasha
              (2 damage)
             ... on level 2 of the Dungeon.
             The game lasted 00:04:05 (766 turns).

CraigForest the Ruffian (Vine Stalker Shapeshifter)  Turns: 766, Time: 00:04:06

Health: 0/17       AC:  2    Str: 18    XL:     3   Next: 8%
Magic:  0/4        EV: 12    Int: 10    God:    Lugonu [*.....]
Gold:   41         SH:  0    Dex: 13    Spells: 2/2 levels left

rFire   . .          .
                       - Unarmed
rCold   . . .        (no shield)
rNeg    . . .        a - +0 animal skin
rPois   .            (helmet currently unavailable)
rElec   .            (cloak currently unavailable)
rCorr   .            (gloves currently unavailable)
SInv    .            (boots currently unavailable)
Will    .....        (no amulet)
Stlth   +            (no ring)
HPRegen 1.02/turn    (no ring)
MPRegen 0.09/turn

%: guardian spirit
@: beast-form
A: beast (slay +1), fangs 2, regeneration 1, magic shield, antimagic bite, no
potion heal 2
a: Begin Untransformation, Renounce Religion, Depart the Abyss


You were on level 2 of the Dungeon.
You worshipped Lugonu.
Lugonu was aware of your devotion.
You were a hulking beast.
You visited 1 branch of the dungeon, and saw 2 of its levels.

You collected 41 gold pieces.

Inventory:

Missiles
 g - 5 poisoned darts (quivered)
Armour
 a - a +0 animal skin (worn)
 e - a +0 cloak
Jewellery
 j - a ring of ice
Talismans
 c - a beast talisman (active)
 d - a flux talisman
Scrolls
 f - 2 scrolls of identify {unknown}
Potions
 b - a potion of lignification
 h - a potion of degeneration {unknown}
 i - a potion of mutation {unknown}
 k - a potion of curing {unknown}


   Skills:
 + Level 0.8 Fighting
 + Level 1.6 Dodging
 + Level 3.9 Unarmed Combat
 + Level 3.2 Shapeshifting


You had 2 spell levels left.
You didn't know any spells.
Your spell library was empty.

Dungeon Overview and Level Annotations

Branches:
Dungeon (2/15)

Altars:
Lugonu

Shops:
D:1 !

Annotations:
D:2 Natasha


Innate Abilities, Weirdness & Mutations

You are a hulking beast.
Your limbs bulge with bestial killing power. (Slay +1)
You have extremely sharp teeth.
Your natural rate of healing is unusually fast.
When hurt, damage is shared between your health and your magic reserves.
Your bite disrupts and absorbs the magic of your enemies.
Potions cannot restore your health.


Message History

You are too injured to fight recklessly!
You are too injured to fight recklessly!
You are too injured to fight recklessly!
You are too injured to fight recklessly!
You are too injured to fight recklessly!
You are too injured to fight recklessly!
You are too injured to fight recklessly!
You are too injured to fight recklessly!
You are too injured to fight recklessly!
You are too injured to fight recklessly!
You are too injured to fight recklessly!
You are too injured to fight recklessly!
You are too injured to fight recklessly!
You are too injured to fight recklessly!
You are too injured to fight recklessly!
You are too injured to fight recklessly!
You are too injured to fight recklessly!
You are too injured to fight recklessly!
You are too injured to fight recklessly!
You are too injured to fight recklessly!
You are too injured to fight recklessly!
The jackal barks!
The ribbon worm attacks as it pursues you!
The ribbon worm barely misses you. Natasha claws you.
The cerulean imp hits you from afar with a +1 spear.
Natasha claws you.
* * * LOW HITPOINT WARNING * * *
You hit Natasha but do no damage. You bite Natasha.
Natasha's magic leaks into the air.
You drain her magic.
You feel invigorated.
Natasha is lightly wounded.
The cerulean imp misses you.
The cerulean imp hits you from afar with a +1 spear.
* * * LOW HITPOINT WARNING * * *
The ribbon worm misses you.
You punch Natasha! You bite Natasha.
Natasha's magic leaks into the air.
You drain her magic.
You feel invigorated.
Natasha is severely wounded.
Natasha misses you. The cerulean imp closely misses you.
The cerulean imp hits you from afar with a +1 spear.
You die...

##########
#.........
#.........
#.........
#.........
#5.5......
###wh###.###
#..h#.h....
##.###...h..
##..# ......
####..## ......
#....#####...(=.
#...............
#...######..
#<..# #...#


You could see a ribbon worm, Natasha (magic disrupted) and 2 cerulean imps.

Vanquished Creatures
  3 dart slugs (D:1)
  2 ball pythons (D:1)
  An endoplasm (D:1)
  3 goblins (D:1)
  2 hobgoblins (D:1)
  A bat (D:1)
  4 frilled lizards (D:1)
  A kobold (D:1)
  4 rats (D:1)
21 creatures vanquished.

Notes
Turn   | Place    | Note
-------+----------+-------------------------------------------
     0 | D:1      | CraigForest the Vine Stalker Shapeshifter began the quest
                  | for the Orb.
     0 | D:1      | Reached XP level 1. HP: 9/9 MP: 2/2
    83 | D:1      | Reached XP level 2. HP: 12/14 MP: 3/3
   192 | D:1      | Found a faded altar of an unknown god.
   209 | D:1      | Prayed at the altar of an unknown god.
   209 | D:1      | Became a worshipper of Lugonu the Unformed
   209 | D:1      | Reached * piety under Lugonu
   242 | D:1      | Found Deto's Distillery.
   514 | D:1      | Reached XP level 3. HP: 14/17 MP: 2/4
   756 | D:2      | Noticed Natasha
   766 | D:2      | Slain by a cerulean imp

Illustrated notes

Levels and vault maps discovered:
D:1:      dpeg_arrival_pond, layout_loops_ring, serial_shops, shop,
          shapermc_ecumenical_altar_ellora
D:2:      layout_rooms, uniq_natasha, uniq_sigmund

Action                     || total
---------------------------++-------
  Melee: Unarmed           ||    50
         Bite              ||    11
         Punch             ||     1
    Use: Scroll            ||     1
   Stab: Sleeping          ||     1
 Armour: Animal skin       ||    33
  Dodge: Dodged            ||    24
   Form: Beast             ||     1

Table legend: (Time is in decaauts)
 A = Elapsed time spent in this place.
 B = Non-inter-level travel time spent in this place.
 C = Inter-level travel time spent in this place.
 D = Time resting spent in this place.
 E = Time spent auto-exploring this place.
 F = Levels seen in this place.
 G = Mean time per level.
                   A        B        C        D        E       F      G
               +--------+--------+--------+--------+--------+-----+--------+
         Total |    762 |    728 |     34 |      0 |    540 |   2 |  381.0 |
       Dungeon |    762 |    728 |     34 |      0 |    540 |   2 |  381.0 |
               +--------+--------+--------+--------+--------+-----+--------+

Top non-repeatable levels by time:
     D:1: 744 daAuts
     D:2: 18 daAuts
